[Event "*** Titled Tuesday Blitz"]
[Site "Chess.com"]
[Date "2019.10.01"]
[Round "4"]
[White "eldur16"]
[Black "comsac"]
[Result "1-0"]
[WhiteElo "2634"]
[BlackElo "2279"]
[TimeControl "180+2"]
[EndTime "13:57:48 PDT"]
[Termination "eldur16 won by resignation"]

1. e4 e5 2. Nf3 Nc6 3. Nc3 Nf6 4. Bb5 Bc5 5. Bxc6 dxc6 6. d3 Bg4 7. h3 Bh5 8. Qe2 Qe7 9. Be3 O-O-O 10. Bxc5 Qxc5 11.
Qe3 Qxe3+ 12. fxe3 Bxf3 13. gxf3 Nh5 14. Rg1 g6 15. Kd2 Rhf8 16. Raf1 f5 17. Rg5 Kd7 18. exf5 Rxf5 19. Rxf5 gxf5 20. Rg1 Ke6 21. b4 Nf6 22. Rg7 Rd7 23. Rg5 Rd8 24. Ne2 Rg8 25. Rxg8 Nxg8 26. f4 Ne7 27. c4 Ng6 28. a4 Nh4 29. fxe5 Kxe5 30. Nf4 Ng6 31. d4+ Ke4 32. Nd3 b6 33. Ke2 f4 34. Nf2+ Kf5 35. e4+ Ke6 36. Kf3 h5 37.
Nd3 Nh4+ 38. Kxf4 Ng2+ 39. Kg5 Ne3 40. c5 Nc2 41. Nf4+ Kf7 42. Nxh5 Nxd4 43. Nf4 a5 44. bxa5 bxa5 45. h4 Nb3 46. h5 Nxc5 47. e5 Ne4+ 48. Kf5 Ng3+ 49. Kg4 Ne4 50. h6 c5 51. e6+ Kf6 52.
Nh5+ Kg6 53. e7 Nd6 54. h7 Kxh7 55. Nf6+ Kg6 56. e8=Q+ Nxe8 57. Nxe8 Kf7 58. Nxc7 Ke7 59. Kf4 Kd6 60. Nb5+ Kd5 61. Ke3 Kc4 62. Kd2 Kb3 63.
Nc3 Kb4 64. Kc2 Kc4 65. Na2 Kd4 66. Kb3 c4+ 67. Kc2 Kc5 68. Kc3 Kd5 69. Nc1 Kc5 70.
Ne2 Kd5 71. Nd4 Kc5 72. Nb5 Kd5 73. Na3 Kc5 74. Nxc4 Kd5 75. Nxa5 Kc5 76. Nc4 1-0

[Event "*** Titled Tuesday Blitz"]
[Site "Chess.com"]
[Date "2019.10.01"]
[Round "4"]
[White "HanSchut"]
[Black "FranciscodelaF"]
[Result "0-1"]
[WhiteElo "2210"]
[BlackElo "2453"]
[TimeControl "180+2"]
[EndTime "13:57:53 PDT"]
[Termination "FranciscodelaF won by resignation"]

1. e4 d5 2. exd5 Nf6 3. Bb5+ Nbd7 4. Be2 Nxd5 5. d4 e6 6. c4 N5f6 7. Nf3 Bb4+ 8. Nc3 O-O 9. O-O b6 10. h3 Bb7 11. Be3 Ne4 12. Nxe4 Bxe4 13. Rc1 Be7 14. Qd2 Nf6 15. Rfd1 c6 16. Ne5 Rc8 17. f3 Bg6 18. g4 Nd7 19. Nxg6 hxg6 20. d5 cxd5 21. cxd5 Rxc1 22. Rxc1 exd5 23. Qxd5 Bc5 24. Bxc5 Nxc5 25. Rd1 Qe7 26. Qd2 Ne6 27. Bf1 Rd8 28. Qe2 Qc5+ 29.
Kh1 Rxd1 30. Qxd1 Qf2 31. Qe2 Qg3 32. Qg2 Qe5 33. Qh2 Nf4 34. b3 Qe3 35. Qg3 g5 36.
Bc4 Qc1+ 37. Qg1 Qxg1+ 38. Kxg1 Nxh3+ 39. Kf1 Kf8 40. Ke2 Ke7 41. Ke3 Nf4 42. a4 f6 43.
Ke4 Kd6 44. Kf5 Kc5 45. Bg8 a6 46. Bf7 b5 47. axb5 axb5 48. Ke4 Kb4 49. Kd4 Ka3 50. Kc5 b4 51. Kd6 Ne2 52. Ke7 Nd4 53. Kf8 g6 54. Kg7 Nxf3 55. Kxg6 Ne5+ 56. Kxf6 Nxf7 57. Kxf7 Kxb3 58. Kf6 Ka2 59. Kxg5 b3 60. Kh6 b2 61. g5 b1=Q 62. g6 Qh1+ 63. Kg7 Kb3 64.
Kg8 Kc4 65. g7 Kd5 66. Kf7 Qf3+ 67. Ke8 Qe4+ 68. Kf8 Qf5+ 69. Ke7 Qe6+ 70. Kf8 Qf6+ 71. Kg8 Ke6 72. Kh8 Qh6+ 73. Kg8 Kf6 0-1

[Event "*** Titled Tuesday Blitz"]
[Site "Chess.com"]
[Date "2019.10.01"]
[Round "4"]
[White "politeplayer"]
[Black "chesstatour"]
[Result "1-0"]
[WhiteElo "2197"]
[BlackElo "2023"]
[TimeControl "180+2"]
[EndTime "13:57:54 PDT"]
[Termination "politeplayer won on time"]

1. d4 Nf6 2. Nf3 b6 3. c4 Bb7 4.
Nc3 e6 5. g3 d5 6. Bg2 dxc4 7.
Qa4+ Nbd7 8. Qxc4 c5 9. O-O Rc8 10. Nb5 a6 11. Nc3 b5 12. Qd3 Be7 13. dxc5 Nxc5 14.
Qxd8+ Rxd8 15. Be3 O-O 16. Rfd1 Ng4 17. Bd4 Rc8 18.
h3 Nf6 19. Ne5 Bxg2 20. Kxg2 Rc7 21. Kf3 Rfc8 22. Rd2 Nb7 23. a3 Nd6 24. Rad1 h6 25. Ng4 Nc4 26. Rc2 Nxg4 27. hxg4 Bf6 28. Bxf6 gxf6 29.
Kg2 Nxb2 30. Rxb2 Rxc3 31. Ra2 R3c4 32. Rd6 a5 33. Rb2 b4 34. axb4 Rxb4 35. Ra2 Rc5 36. Ra6 Rbb5 37. e3 Kg7 38. Kf3 Kg6 39. Ra4 h5 40. gxh5+ Rxh5 41. Ra8 Kg7 42. Rg4+ Rhg5 43. Rh4 Rbf5+ 44. Kg2 Rh5 45. Rg4+ Rfg5 46. Rc4 Rb5 47.
Rcc8 f5 48. Rg8+ Kf6 49. Rgf8 Rh7 50. Ra7 Rc5 51. Rfa8 Rc1 52. Rxa5 Rch1 53. Rg8 R1h2+ 54. Kf3 R7h6 55. Ra7 Rg6 56. Rf8 Rg7 57. Rb7 e5 58. Rb6+ Kg5 59. Ke2 f6 60. Rbxf6 f4 61. exf4+ exf4 62. Rxf4 Re7+ 63. Kf3 Rh6 64. Rg8+ Rg6 65. Rg4+ 1-0

[Event "*** Titled Tuesday Blitz"]
[Site "Chess.com"]
[Date "2019.10.01"]
[Round "4"]
[White "Marreuh"]
[Black "Playgood28"]
[Result "0-1"]
[WhiteElo "2090"]
[BlackElo "2284"]
[TimeControl "180+2"]
[EndTime "13:58:00 PDT"]
[Termination "Playgood28 won by resignation"]

1. e4 e5 2. Nf3 d6 3. d4 exd4 4.
Nxd4 Nf6 5. Nc3 Be7 6. Be3 O-O 7. Be2 c5 8. Nf3 Nc6 9. h3 a6 10. a4 Nb4 11. Qd2 d5 12. exd5 Nbxd5 13. Bg5 Nxc3 14. Qxc3 Ne4 15. Bxe7 Qxe7 16. Qe3 Re8 17. O-O Bf5 18. Bd3 Qf6 19. Bxe4 Bxe4 20. Qxc5 Rac8 21. Qd4 Qc6 22. c3 Bxf3 23. gxf3 Qxf3 24. Qg4 Qf6 25. Rfe1 h6 26. Re3 Rcd8 27. Rae1 Rxe3 28. Rxe3 Qb6 29. Rg3 g6 30. b4 Qc6 31. Kh2 Qxa4 32. Qh4 Qd7 33. Qxh6 Qf5 34. Qe3 Kg7 35. Rf3 Qd5 36.
Rf4 Qd6 37. Qg3 Rd7 38. Rd4 Qxg3+ 39. Kxg3 Rc7 40. c4 Kf6 41. Kf3 Re7 42. c5 Kf5 43. Rd5+ Ke6 44. Rd6+ Ke5 45. Ke3 Kf5+ 46. Kd3 Kf4 47.
Rf6+ Ke5 48. Rd6 Kf4 49. Kc4 g5 50. b5 axb5+ 51. Kxb5 f5 52. Kb6 Kf3 53. Rf6 f4 54. Rf5 Kxf2 55. Rxg5 f3 56. Rf5 Ke2 57. Rf8 f2 58. h4 f1=Q 59. Rxf1 Kxf1 60. h5 Ke2 61. h6 Kd3 62. Kb5 Kd4 63. Kb4 Kd5 64. Kb5 Rh7 65.
Kb6 Rxh6+ 66. Kxb7 0-1

[Event "*** Titled Tuesday Blitz"]
[Site "Chess.com"]
[Date "2019.10.01"]
[Round "4"]
[White "Kostya_Nikologorskiy"]
[Black "IMRosen"]
[Result "1-0"]
[WhiteElo "2509"]
[BlackElo "2634"]
[TimeControl "180+2"]
[EndTime "13:58:02 PDT"]
[Termination "Kostya_Nikologorskiy won by resignation"]

1. d4 Nf6 2. c4 e6 3. Nf3 Nc6 4.
d5 Bb4+ 5. Nc3 Bxc3+ 6. bxc3 Ne7 7. Bg5 Ng6 8. e3 d6 9. Bd3 e5 10. Qc2 Qe7 11. Nd2 O-O 12. h4 h6 13. Bxg6 fxg6 14.
Qxg6 hxg5 15. hxg5 Qe8 16. Qc2 Ng4 17. Qh7+ Kf7 18.
g6+ Ke7 19. Qxg7+ Kd8 20. Rh7 Bd7 21. Ne4 Rg8 22. Qf7 Rxg6 23. Ke2 Qxf7 24. Rxf7 Be8 25. Rh7 Nf6 26. Nxf6 Rxf6 27. Rah1 Rc8 28. g4 Rg6 29.
Kf3 c6 30. Rxb7 cxd5 31. cxd5 Rc7 32. Rb8+ Rc8 33. Rb7 Rc7 34. Rb8+ Ke7 35. Rh7+ Bf7 36. Kg3 a5 37. c4 Kf6 38. f4 exf4+ 39. exf4 Rg7 40.
g5+ Kg6 41. Rh6+ Kf5 42. Rf6+ Ke4 43. Rxd6 Rxc4 44. Rf6 Rc3+ 45. Kg4 Bxd5 46. Re8+ Kd4 47. g6 Rc1 48. Re5 Rg1+ 49. Kf5 Rf1 50. Rd6 Rg8 51. Rdxd5+ Kc4 52. Rc5+ Kb4 53. Rb5+ Kc4 54. Rec5+ Kd4 55. Rd5+ Kc4 56. Rbc5+ Kb4 57. Rc6 Rf8+ 58. Rf6 Rxf4+ 59. Kxf4 Rxf6+ 60. Kg5 Rf2 61. g7 Rxa2 62. Kg6 Rg2+ 63. Rg5 Rc2 64. g8=Q a4 65. Qb8+ Ka3 66. Rg3+ Ka2 67.
Qb4 Ka1 68. Qxa4+ Kb2 69. Qb3+ Kc1 70. Rc3 Kd2 71. Qxc2+ Ke1 1-0

[Event "*** Titled Tuesday Blitz"]
[Site "Chess.com"]
[Date "2019.10.01"]
[Round "4"]
[White "newauto"]
[Black "Abdodi"]
[Result "0-1"]
[WhiteElo "1996"]
[BlackElo "2186"]
[TimeControl "180+2"]
[EndTime "13:58:12 PDT"]
[Termination "Abdodi won by resignation"]

1. e4 c6 2. Nc3 d5 3. Nf3 a6 4. h3 g6 5. Be2 Bg7 6. O-O dxe4 7. Nxe4 Nf6 8. Nc5 O-O 9. d4 b6 10. Nd3 Bb7 11. Re1 Nbd7 12. c3 Rc8 13. Bg5 Ne4 14. Bh4 h6 15. Bf1 c5 16. dxc5 Ndxc5 17. Nxc5 bxc5 18.
Qxd8 Rfxd8 19. Bxe7 Rd7 20. Bh4 f5 21. Rad1 Rcc7 22.
Bd8 Rxd1 23. Rxd1 Rc8 24. Bc4+ Kh7 25. Be6 Rc6 26. Bd7 Rd6 27. Rxd6 Nxd6 28. Be7 Ne4 29.
Kf1 Bd5 30. a3 Kg8 31. Bc8 Kf7 32. Bd8 Bc4+ 33. Ke1 Nd6 34. Bd7 Bd5 35. Bc7 Nc4 36. b4 Bxc3+ 37. Ke2 cxb4 38. axb4 Bxb4 39. Kd3 Ke7 40.
Ba4 Nb2+ 41. Kd4 Bxf3 42. Bb3 Bxg2 43. Bb6 Bxh3 44. Ke5 Bc3+ 45. Kd5 f4 46. Bc5+ Kf6 47. Kc6 Nd3 48. Bd6 a5 49. Bc2 Bg2+ 50. Kb5 Nb4 51. Bb1 Bf1+ 52. Ka4 Bd3 53. Bxd3 Nxd3 54. Kb3 Bb4 55.
Bc7 g5 56. f3 Ne1 57. Bb6 Nxf3 58. Kc4 Kf5 59. Kd3 Ne5+ 60. Ke2 Nf7 61. Kf3 h5 62.
Bc7 a4 63. Bb6 Ne5+ 64. Kg2 Nc4 65. Bd4 Be7 66. Kf3 a3 67. Kg2 a2 68. Ba1 Bf6 69.
Bxf6 Kxf6 70. Kf3 a1=B 71. Ke4 Nb6 0-1

[Event "*** Titled Tuesday Blitz"]
[Site "Chess.com"]
[Date "2019.10.01"]
[Round "4"]
[White "przemekpiotrowski"]
[Black "Alex_32167"]
[Result "1/2-1/2"]
[WhiteElo "2415"]
[BlackElo "2653"]
[TimeControl "180+2"]
[EndTime "13:58:40 PDT"]
[Termination "Game drawn - insufficient material"]

1. d4 d5 2. Nf3 Bf5 3. g3 Nc6 4.
Bg2 Nb4 5. Na3 e6 6. O-O Be4 7. Bf4 Bd6 8. Qd2 Nc6 9. Bxd6 cxd6 10. c4 Nf6 11. Rac1 O-O 12. b4 a5 13. b5 Nb4 14.
cxd5 Bxd5 15. Nc4 Rc8 16. Ne3 Bxa2 17. Ra1 Ne4 18. Qb2 Bd5 19. Rfc1 Qb6 20. Nxd5 exd5 21. Ne1 Qxb5 22. Nd3 Nf6 23. Nxb4 axb4 24. Rab1 Rc4 25. Rxc4 Qxc4 26. Qxb4 Qxe2 27. Qxb7 Qd3 28. Qb2 Ne4 29.
Re1 h6 30. h3 Rc8 31. Qb7 Qc3 32. Rd1 Qc2 33. Rf1 Nf6 34. Bxd5 Rc7 35. Qa8+ Kh7 36. Bf3 Qd2 37. Qa4 Rc2 38. d5 g6 39. Qa7 Kg7 40. Qe7 Qd3 41. Kg2 Rc3 42. Qe2 Qxe2 43. Bxe2 Nxd5 44. Rd1 Rc5 45. Bf3 Ne7 46. Rxd6 Nf5 47.
Rd2 h5 48. h4 Ne7 49. Be4 f5 50. Rd7 Kf6 51. Bd3 Nd5 52. Rd6+ Kg7 53. Bc4 Nf6 54. Bb3 Rc3 55. Rb6 Ne4 56. Bd5 Nc5 57. Rc6 Na4 58.
Rxc3 Nxc3 59. Bc6 Kf6 60. Kf3 g5 61. hxg5+ Kxg5 62. Ke3 Na2 63. Bd5 Nb4 64. Bf3 Na6 65. Be2 Nc5 66. f4+ Kg6 67. Bf3 Ne6 68. Kf2 Nc5 69. Kg2 Nd7 70. Kh3 Nf6 71. Kh4 Kh6 72. Bxh5 Nxh5 73. g4 Nxf4 74. gxf5 Nd5 75. f6 Nxf6 1/2-1/2

[Event "*** Titled Tuesday Blitz"]
[Site "Chess.com"]
[Date "2019.10.01"]
[Round "4"]
[White "kuli4ik"]
[Black "dmosesov"]
[Result "1-0"]
[WhiteElo "2782"]
[BlackElo "2554"]
[TimeControl "180+2"]
[EndTime "13:58:47 PDT"]
[Termination "kuli4ik won by resignation"]

1. Nf3 Nf6 2. g3 d5 3. c4 e6 4.
Bg2 dxc4 5. Qa4+ Nbd7 6. Qxc4 a6 7. O-O b5 8. Qc2 Bb7 9. d3 Be7 10. a4 c5 11. Na3 O-O 12. Bd2 Qb6 13. Rfc1 Rfc8 14.
Qb3 Bd5 15. Qc2 Qb7 16. Nb1 c4 17. dxc4 Rxc4 18. Qd1 Rxc1 19. Qxc1 Ne4 20. axb5 axb5 21. Rxa8+ Qxa8 22. Nc3 Nxc3 23. Bxc3 h6 24. h3 Bf6 25.
Ne1 Bxg2 26. Nxg2 Qc6 27. Qd2 Bxc3 28. bxc3 Nb6 29. Ne3 Na4 30. Nd1 Kh7 31. Qd3+ g6 32. g4 Kg7 33. Qd4+ Kg8 34. f3 Qc7 35. Kg2 Qc5 36.
Qd2 Kg7 37. h4 h5 38. g5 Qc4 39. Kg3 e5 40. Qe3 Qd5 41. Nf2 Nc5 42. Kg2 Ne6 43. Nd3 f6 44. gxf6+ Kxf6 45. Kf2 Qc4 46. Qxe5+ Ke7 47.
Kg3 Qc7 48. Qxc7+ Nxc7 49. Kf4 Kf6 50. e4 Ne6+ 51. Kg3 g5 52. hxg5+ Nxg5 53. Nf4 h4+ 54. Kg4 Nf7 55. Nd3 Ng5 56. e5+ Kg6 57. f4 Ne4 58.
f5+ Kf7 59. Kxh4 Nxc3 60. Kg4 Nd5 61. Kf3 b4 62. Ke4 Nc3+ 63. Kd4 Ne2+ 64. Ke3 Ng3 65. Kf4 Ne2+ 66. Kf3 Nd4+ 67. Ke4 Nc2 68. Nc5 Na3 69. e6+ Ke7 70. Ke5 Nc4+ 71. Kf4 Nd6 72. Kg5 Ne8 73. Kg6 Nf6 74. Nb3 Ne4 75. Nd4 Kd6 76.
f6 b3 77. f7 Ke7 78. Kg7 1-0

[Event "*** Titled Tuesday Blitz"]
[Site "Chess.com"]
[Date "2019.10.01"]
[Round "4"]
[White "moro182"]
[Black "GadimbayliA"]
[Result "1/2-1/2"]
[WhiteElo "2725"]
[BlackElo "2869"]
[TimeControl "180+2"]
[EndTime "13:58:49 PDT"]
[Termination "Game drawn by stalemate"]

1. d4 Nf6 2. c4 b6 3. Nf3 e6 4. g3 Ba6 5. b3 Bb4+ 6. Bd2 Be7 7.
Bg2 c6 8. Bf4 O-O 9. O-O d5 10.
Nbd2 Nbd7 11. Qc2 Rc8 12. e4 dxe4 13. Nxe4 Nxe4 14. Qxe4 b5 15. c5 Nf6 16. Qc2 Nd5 17.
Bd2 Bf6 18. Rfe1 Qc7 19. Rad1 b4 20. Ne5 Rfd8 21. f4 Bb5 22. Be4 g6 23. Kg2 a5 24.
Bf3 Ra8 25. h4 h5 26. Nxg6 fxg6 27. Qxg6+ Qg7 28. Qxh5 Qf7 29. Qg4+ Bg7 30. Rxe6 Nf6 31. Qf5 Rxd4 32. Rd6 Rd8 33. Be3 Rxd1 34. Bxd1 Rxd6 35. cxd6 Qd5+ 36. Qxd5+ Nxd5 37. Bc5 Bd3 38. Kf3 Kf7 39. g4 Ke8 40. g5 Bf5 41. Kg3 Nc3 42. Bf3 Kd7 43.
h5 Bh8 44. h6 Ne4+ 45. Bxe4 Bxe4 46. Kg4 Ke6 47. Bb6 Bb1 48. Bxa5 c5 49. Kh5 Bxa2 50.
g6 Bxb3 51. g7 Bxg7 52. hxg7 Kxd6 53. Kg6 Bd5 54. f5 Bg8 55. Kf6 Bd5 56. Kg6 Bg8 57.
Bc7+ Kxc7 58. f6 b3 59. f7 Bxf7+ 60. Kxf7 b2 61. g8=Q b1=Q 62. Qg5 Qf1+ 63. Ke6 Qc4+ 64. Qd5 Qa6+ 65. Ke5 Qe2+ 66. Qe4 Qh2+ 67. Kd5 Qd6+ 68. Kc4 Kb6 69. Qb1+ Kc7 70. Qe4 Qc6 71. Qxc6+ Kxc6 72. Kc3 Kd5 73. Kd3 c4+ 74. Kc3 Kc5 75. Kc2 Kb4 76. Kb2 c3+ 77. Kc2 Kc4 78. Kc1 Kd3 79. Kd1 Kc4 80. Kc2 Kb4 81. Kc1 Kb3 82. Kb1 c2+ 83. Kc1 Kc3 1/2-1/2

[Event "*** Titled Tuesday Blitz"]
[Site "Chess.com"]
[Date "2019.10.01"]
[Round "4"]
[White "vova-79"]
[Black "Olga_Zhuravleva"]
[Result "1-0"]
[WhiteElo "2449"]
[BlackElo "2195"]
[TimeControl "180+2"]
[EndTime "13:58:49 PDT"]
[Termination "vova-79 won by resignation"]

1. d4 g6 2. c4 Bg7 3. Nf3 d6 4. g3 Nc6 5. Bg2 e5 6. dxe5 Nxe5 7. Nxe5 Bxe5 8. O-O Bg7 9. Nc3 Nf6 10. Qd2 O-O 11. b3 Re8 12. Bb2 Rb8 13. Rad1 Qe7 14. Rfe1 a6 15. h3 Be6 16. e3 Qd7 17. Kh2 h5 18.
Nd5 Nh7 19. Bxg7 Kxg7 20. Qd4+ Kg8 21. Nf4 Qe7 22. e4 Qg5 23. e5 dxe5 24. Rxe5 Qf6 25. Nxe6 Rxe6 26. Rxe6 Qxe6 27. Bd5 Qf5 28. Re1 c6 29.
Be4 Qg5 30. h4 Qg4 31. Qe5 Rf8 32. Bg2 Qd7 33. Bh3 Qd2 34. Re2 Qd1 35. Qe7 Nf6 36. Re1 Qd4 37. Qe3 Qd6 38. c5 Qc7 39. Qe7 Qa5 40. Re2 Nd5 41. Qd6 Rd8 42. Qe5 Qxc5 43. Rd2 Qf8 44. Bg2 Re8 45. Qd4 Nc7 46. Qb6 Qe7 47.
Qxb7 Qe1 48. Rc2 Nb5 49. Bxc6 Re2 50. Rxe2 Qxe2 51. Qb8+ Kg7 52. Qf4 Na3 53. Bd5 Qe7 54.
Kg2 Nb5 55. Bc4 Qb7+ 56. Qf3 Qxf3+ 57. Kxf3 Nd4+ 58. Ke4 Nc6 59. a3 a5 60. Kd5 Ne7+ 61. Kc5 Nf5 62. Kb5 Nd6+ 63. Kxa5 Ne4 64. b4 Nxf2 65.
b5 Ne4 66. b6 Nd6 67. Bd5 Kf6 68. b7 Nxb7+ 69. Bxb7 Ke5 70. Kb4 f5 71. a4 f4 72.
gxf4+ Kxf4 73. a5 Kg3 74. a6 Kxh4 75. a7 g5 76. a8=Q g4 77. Qb8 g3 1-0

[Event "*** Titled Tuesday Blitz"]
[Site "Chess.com"]
[Date "2019.10.01"]
[Round "4"]
[White "albano87"]
[Black "dolynachess"]
[Result "1/2-1/2"]
[WhiteElo "2031"]
[BlackElo "2411"]
[TimeControl "180+2"]
[EndTime "13:58:51 PDT"]
[Termination "Game drawn - insufficient material"]

1. d4 Nf6 2. Nf3 c5 3. e3 g6 4. Be2 Bg7 5. O-O O-O 6. dxc5 Qa5 7. a3 Qxc5 8. b4 Qc7 9. Bb2 b6 10. c4 Bb7 11. Nc3 a6 12. Rc1 d6 13. Nd4 Nbd7 14.
Nd5 Qd8 15. Bf3 Rb8 16. Qa4 b5 17. Qb3 bxc4 18. Nxf6+ Bxf6 19. Rxc4 Ne5 20. Rc2 Nxf3+ 21. Nxf3 Bxb2 22. Qxb2 Qd7 23. Nd4 Qg4 24. Nc6 Qe4 25. Rc4 Qe6 26. Rfc1 Rbc8 27. Qc3 Rc7 28. a4 Qd5 29. e4 Qg5 30. f3 h5 31. Kf2 Qh4+ 32.
Kg1 Qg5 33. Rc2 Re8 34. Qe1 h4 35. Qc1 Qf6 36. b5 axb5 37. axb5 Kg7 38. b6 Rcc8 39. Nb4 Rxc4 40. Rxc4 Ra8 41. Qc3 Ra1+ 42. Kf2 e5 43.
Qxa1 Qg5 44. Qc1 Qd8 45. Nd5 Qa8 46. Rc7 Qa6 47. Qb2 Kh6 48. f4 f6 49. fxe5 dxe5 50.
Qd2+ g5 51. Nxf6 Qxb6+ 52. Kf3 Qxc7 53. Nd5 Qf7+ 54. Ke2 Bxd5 55. Qxd5 Qf4 56. Qe6+ Kh5 57. Qe8+ Kh6 58. Qe6+ Kh5 59. Qe8+ Kh6 60. Qh8+ Kg6 61. Qg8+ Kf6 62. Qf8+ Ke6 63. Qxf4 exf4 64. Kf3 Ke5 65. h3 Kd4 66. Kg4 Kxe4 67. Kxg5 f3 68. gxf3+ Kxf3 69. Kxh4 Kf4 70. Kh5 Kf5 71. h4 Kf6 72. Kh6 Kf7 73.
Kg5 Kg7 74. h5 Kh8 75. h6 Kh7 76. Kh5 Kh8 77. Kg6 Kg8 78. h7+ Kh8 79. Kf7 Kxh7 1/2-1/2

[Event "*** Titled Tuesday Blitz"]
[Site "Chess.com"]
[Date "2019.10.01"]
[Round "4"]
[White "PaulfromSPb"]
[Black "MoonlighT89"]
[Result "0-1"]
[WhiteElo "2655"]
[BlackElo "2533"]
[TimeControl "180+2"]
[EndTime "13:58:53 PDT"]
[Termination "MoonlighT89 won by resignation"]

1. e4 c5 2. Ne2 Nc6 3. g3 g6 4.
Bg2 Bg7 5. c3 e5 6. O-O Nge7 7. f4 d6 8. d3 O-O 9. Nd2 Be6 10. Nf3 h6 11. h3 Qd7 12. Kh2 f5 13. Be3 Kh7 14. Qd2 Rae8 15. fxe5 Nxe5 16. Nxe5 dxe5 17.
exf5 Bxf5 18. Bxc5 Qxd3 19. Qxd3 Bxd3 20. Rxf8 Bxf8 21.
Re1 Nc6 22. Bg1 Bc4 23. b3 Bf7 24. c4 Rd8 25. Nc3 Bb4 26. Rf1 Kg7 27. Nd5 Bd6 28. Be4 Nd4 29. Kg2 Be6 30. g4 Ne2 31. Be3 b6 32.
Kf2 Nf4 33. Nxf4 exf4 34. Bd4+ Kf7 35. Kf3 g5 36. Bc3 Be7 37. Re1 Bf6 38. Bg6+ Kg7 39.
Rxe6 Bxc3 40. Bf5 Bf6 41. Rc6 Re8 42. Be6 Re7 43. Ke4 Bc3 44. Kf3 Bb4 45. h4 Bc5 46. h5 a5 47. Bd5 Re3+ 48. Kf2 Rxb3+ 49. Ke2 Rb2+ 50. Kd3 Rxa2 51. Rg6+ Kh7 52. Bg8+ Kh8 53. Bd5 Ra3+ 54. Ke4 f3 55. Rxh6+ Kg7 56. Rg6+ Kh7 57. Rf6 f2 58. Ke5 Ra1 59. Be4+ Kg7 60. h6+ Kg8 61. Bd5+ Kh8 62. Bg2 Rg1 63. Bh3 Rg3 64. Bf1 Rg1 65. Bd3 Re1+ 66. Kd5 Rd1 67. Ke4 a4 68. Be2 Re1 69. Kd3 a3 70. Kd2 Bb4+ 71. Kd3 a2 72. Rc6 Rxe2 73. Rc8+ Kh7 74. Kxe2 a1=Q 75. Rc7+ Kxh6 76.
Rc6+ Kg7 77. Kxf2 Bc5+ 78. Kf3 Qh1+ 0-1

[Event "*** Titled Tuesday Blitz"]
[Site "Chess.com"]
[Date "2019.10.01"]
[Round "4"]
[White "Orange_Ghost"]
[Black "vovachesss"]
[Result "1-0"]
[WhiteElo "2769"]
[BlackElo "2536"]
[TimeControl "180+2"]
[EndTime "13:59:06 PDT"]
[Termination "Orange_Ghost won by resignation"]

1. d4 Nf6 2. c4 c5 3. d5 b5 4.
cxb5 a6 5. bxa6 Bxa6 6. Nc3 g6 7.
e4 Bxf1 8. Kxf1 d6 9. Nf3 Bg7 10. g3 O-O 11. Kg2 Na6 12. Qe2 Qa5 13. a4 Rfb8 14. Ra3 Nb4 15. Nb5 Qa6 16. Re1 Rc8 17. b3 Nd7 18. Bg5 Kf8 19. h4 Nb6 20. Rc1 Nd7 21. Re1 Rcb8 22. Bc1 Rc8 23. h5 gxh5 24. Nh4 Nf6 25. Nf5 Bh8 26. Bh6+ Ke8 27.
e5 Nfxd5 28. Qxh5 Bxe5 29. f4 Qc6 30. Kh2 Nf6 31. Qe2 Qd7 32. fxe5 Qxf5 33. exf6 Qxf6 34.
Bg7 Qe6 35. Qxe6 fxe6 36. Rxe6 Kf7 37. Re2 Kxg7 38. Rxe7+ Kf6 39. Rxh7 Rh8 40. Rxh8 Rxh8+ 41. Kg2 d5 42. Ra1 d4 43. Rc1 Nd3 44. Rc4 Ke5 45. Kf1 Ke4 46. Kg2 Rf8 47. b4 Rf2+ 48. Kg1 Ne5 49.
Rxc5 Rb2 50. Nd6+ Kf3 51. Rxe5 d3 52. Re1 d2 53. Rf1+ Ke2 54. Nc4 Rxb4 55. Nxd2 Kxd2 56. Rf4 Rb7 57. Kg2 Ke3 58. Rg4 Rb2+ 59. Kh3 Rb7 60.
Rh4 Rg7 61. Rh5 Ke4 62. a5 Kf3 63. Rf5+ Ke4 64. Rb5 Kf3 65. Rb3+ Ke4 66. Ra3 Kf5 67. a6 Rh7+ 68. Kg2 Ra7 69. Kf3 Kg5 70. g4 Rf7+ 71. Kg3 Ra7 72. Ra5+ Kg6 73. Kf4 Kf6 74. g5+ Kg6 75.
Kg4 Kg7 76. Kh5 Kh7 77. g6+ Kg7 78. Kg5 Kg8 79. Kf6 Kf8 80. Ra4 Kg8 81. Kf5 Kg7 82. Kg5 Kg8 83. Kh6 Kh8 84. Rb4 Ra8 85. a7 Rf8 86.
g7+ Kg8 87. gxf8=N Kxf8 1-0

[Event "*** Titled Tuesday Blitz"]
[Site "Chess.com"]
[Date "2019.10.01"]
[Round "4"]
[White "MITerryble"]
[Black "Duhless"]
[Result "1/2-1/2"]
[WhiteElo "2850"]
[BlackElo "3014"]
[TimeControl "180+2"]
[EndTime "13:59:24 PDT"]
[Termination "Game drawn by repetition"]

1. d4 Nf6 2. Nf3 g6 3. Bg5 Bg7 4. Nbd2 O-O 5. c3 d5 6. e3 Nbd7 7. Be2 Re8 8. O-O e5 9. h3 c6 10.
Bh4 a5 11. Bg3 exd4 12. exd4 Nh5 13. Bh2 Bh6 14. Re1 Nf8 15. Ne5 Nf4 16. Bg4 N4e6 17. Nf1 f6 18. Nd3 Bd7 19. a4 Bg7 20. Qb3 b6 21.
Rad1 h5 22. Be2 Ra7 23. Nf4 Nxf4 24. Bxf4 Ne6 25. Bh2 Bc8 26. Bd3 f5 27. Re2 Rae7 28. Rde1 Bf6 29. Nd2 Ng5 30. Rxe7 Rxe7 31. Rxe7 Bxe7 32.
Bf4 Nf7 33. Nf3 Be6 34. Ne5 Nxe5 35. Bxe5 Kf7 36. f4 h4 37. Kf2 c5 38. Bb5 Bd6 39. Qd1 Bxe5 40. dxe5 Qc7 41. Qd3 Kg7 42. g3 hxg3+ 43.
Qxg3 d4 44. Qg5 Qf7 45. h4 dxc3 46. bxc3 Bc4 47. Qf6+ Kh7 48. Qxb6 Qd5 49. Qc7+ Kh6 50. Bxc4 Qxc4 51. e6 Qxe6 52. Qxc5 Qa2+ 53. Kg3 Qxa4 54. Qf8+ Kh7 55. Qf7+ Kh6 56. Qf8+ Kh7 57. Qf7+ Kh6 58. Qg8 Qd7 59. Qh8+ Qh7 60. Qd8 a4 61. Qg5+ Kg7 62. Qe7+ Kh6 63. Qg5+ Kg7 64. Qe7+ Kh8 65. Qe8+ Qg8 66. Qxa4 Qe6 67. Qd4+ Kh7 68. Qe5 Qc4 69. Qe7+ Kh6 70. Qf8+ Kh7 71. Qe7+ Kh6 72. Qe3 Qf1 73. Qf3 Qe1+ 74. Kh3 Qc1 75. Kg3 Qg1+ 76. Kh3 Qc1 77. Kg2 Qd2+ 78. Kf1 Qc1+ 79. Kf2 Qd2+ 80. Kg3 Qe1+ 81.
Kh3 Qc1 1/2-1/2

[Event "*** Titled Tuesday Blitz"]
[Site "Chess.com"]
[Date "2019.10.01"]
[Round "4"]
[White "ahkashefi2800"]
[Black "Tonychess32"]
[Result "1-0"]
[WhiteElo "2186"]
[BlackElo "2420"]
[TimeControl "180+2"]
[EndTime "13:59:39 PDT"]
[Termination "ahkashefi2800 won by resignation"]

1. e4 e6 2. d4 d5 3. e5 c5 4. c3 Nc6 5. Nf3 Qb6 6. Bd3 cxd4 7. cxd4 Bd7 8. O-O Nxd4 9. Nxd4 Qxd4 10. Nc3 a6 11. Re1 Ne7 12. Bg5 Nc6 13. Qe2 Be7 14. Bxe7 Nxe7 15. Rad1 Qh4 16. g3 Qh6 17. f4 O-O 18.
Qf2 Rac8 19. a3 f5 20. exf6 Qxf6 21. Qb6 Bc6 22. Re5 Ng6 23. Bxg6 Qxg6 24. Rde1 Rce8 25. Qd4 Bd7 26. Nxd5 Bc6 27. Nc3 Rd8 28. Qf2 Rd6 29. R5e2 Rfd8 30. Ne4 Bxe4 31. Rxe4 h6 32. R4e2 Qf6 33. Qe3 Kh8 34. Qe5 Qg6 35. Qe4 Qg4 36. Qxb7 Rd2 37. Qxa6 Qf3 38. Qc4 R8d3 39. Qe4 Qh5 40.
Qxe6 Rxe2 41. Qxe2 Qc5+ 42. Kh1 Qc6+ 43. Kg1 Qc5+ 44.
Qf2 Qd6 45. Qc2 Qd4+ 46. Kh1 Qd5+ 47. Qg2 Qd7 48. Qa8+ Kh7 49. Qe4+ Kh8 50. Qe8+ Kh7 51. Qxd7 Rxd7 52. Re2 Kg6 53. Kg2 Kf5 54. h3 h5 55.
Re5+ Kg6 56. Rg5+ Kf6 57. Rxh5 Rd2+ 58. Kf3 Rxb2 59. Ra5 Rb3+ 60. Kg4 Rc3 61. h4 Rc6 62. h5 Rb6 63. Rf5+ Ke6 64. Kg5 Rb3 65. g4 Rxa3 66. Rf8 Ke7 67. Rf5 Ra6 68. Re5+ Kf7 69. Rb5 Ra7 70.
Rb6 Rc7 71. h6 Rc5+ 72. f5 gxh6+ 73. Rxh6 Kg7 74. Ra6 Rc7 75. Kh5 Rc5 76. Ra7+ Kf6 77. Ra6+ Kg7 78. Kg5 Rb5 79. Ra7+ Kf8 80. Kg6 Rb4 81.
g5 Rb8 82. f6 Kg8 83. Rg7+ Kf8 84. Rh7 Kg8 85. f7+ Kf8 86. Rh8+ 1-0

[Event "*** Titled Tuesday Blitz"]
[Site "Chess.com"]
[Date "2019.10.01"]
[Round "4"]
[White "Perecke"]
[Black "ChessBitl"]
[Result "1/2-1/2"]
[WhiteElo "2109"]
[BlackElo "2304"]
[TimeControl "180+2"]
[EndTime "14:00:29 PDT"]
[Termination "Game drawn - insufficient material"]

1. e4 c5 2. Nf3 Nc6 3. d4 cxd4 4.
Nxd4 g6 5. Nc3 Bg7 6. Be3 Nf6 7. f3 O-O 8. Qd2 d5 9. exd5 Nxd5 10. Nxc6 bxc6 11. Nxd5 cxd5 12. c3 e5 13. Bd3 Be6 14.
O-O a5 15. Rad1 a4 16. Bb1 Qa5 17. f4 f6 18. fxe5 fxe5 19. Bh6 Qb6+ 20. Kh1 Rxf1+ 21.
Rxf1 Rf8 22. Rxf8+ Bxf8 23. Bxf8 Kxf8 24. Qg5 Qxb2 25.
Qf6+ Bf7 26. Qh8+ Ke7 27. Qxe5+ Kd7 28. Qe1 a3 29. Qf1 Be6 30. Qe1 Kd6 31. h3 Bf5 32. Bxf5 gxf5 33. Qg3+ Kc6 34. Qe5 Qxa2 35. Qe8+ Kd6 36.
Qd8+ Ke5 37. Qe7+ Kf4 38. Qd6+ Ke3 39. Qe5+ Kd2 40. Qf4+ Kd1 41. Qf1+ Kc2 42. Qxf5+ Kxc3 43. Qf3+ Kb4 44. Qf8+ Ka4 45. Qa8+ Kb4 46. Qf8+ Kb5 47. Qb8+ Kc4 48. Qc8+ Kd3 49. Qf5+ Kc3 50. Qf6+ Kc2 51. Qf2+ Kb1 52. Qe1+ Kb2 53. Qd2+ Ka1 54. Qd4+ Qb2 55. Qxd5 Qc1+ 56. Kh2 Qc7+ 57. Kh1 Qc3 58. Qd1+ Kb2 59.
Qe2+ Qc2 60. Qb5+ Kc1 61. Qg5+ Kb1 62. Qb5+ Qb2 63. Qf5+ Qc2 64. Qb5+ Kc1 65. Qg5+ Kb2 66. Qe5+ Qc3 67. Qe2+ Kc1 68. Qf1+ Kc2 69. Qf5+ Qd3 70.
Qc5+ Kb1 71. Qb4+ Ka1 72. Kh2 a2 73. Qe1+ Kb2 74. Qb4+ Kc2 75. Qc5+ Qc3 76. Qf5+ Kb3 77. Qb5+ Qb4 78. Qd3+ Kb2 79. Qe2+ Kc3 80. Qe5+ Kb3 81. Qe6+ Qc4 82. Qe3+ Ka4 83. Qa7+ Kb4 84. Qb6+ Qb5 85. Qd4+ Ka5 86. Qd2+ Kb6 87. Qxa2 Qe5+ 88. g3 h5 89.
Qb3+ Kc5 90. Qc2+ Kd6 91. Qd3+ Ke7 92. Qh7+ Ke6 93. Qg6+ Kd5 94. h4 Qe2+ 95. Kh3 Qe6+ 96. Qxe6+ Kxe6 97. Kg2 Kf5 98. Kf3 Ke5 99. Ke3 Kf5 100.
Kf3 Ke5 101. g4 hxg4+ 102. Kxg4 Kf6 103. h5 Kg7 104. h6+ Kxh6 1/2-1/2